 Dungeon Crawl Stone Soup version 0.27-a0-109-g416527ed24 (webtiles) character file.

Game seed: 1640270014104321382

112676 timneilson the Tortoise (level 16, -25/100 HPs)
             Began as a Gargoyle Fighter on Jan 24, 2021.
             Was a High Priest of Okawaru.
             Annihilated by a sphinx simulacrum (45 damage)
             ... animated by a necromancer
             ... on level 1 of the Depths.
             The game lasted 00:51:39 (20451 turns).

timneilson the Tortoise (Gargoyle Fighter)         Turns: 20451, Time: 00:51:39

Health: -25/100    AC: 47    Str: 37    XL:     16   Next: 61%
Magic:  21/24      EV: 11    Int: 12    God:    Okawaru [*****.]
Gold:   3173       SH: 17    Dex:  9    Spells: 15/15 levels left

rFire    + . .     SeeInvis .   J - +5 double sword (elec)
rCold    . . .     Faith    .   d - +0 kite shield {AC+3}
rNeg     + . .     Spirit   .   U - +2 plate armour {rF+}
rPois    ∞         Reflect  .   m - +2 hat {Int+3}
rElec    +         Harm     .   n - +1 cloak
rCorr    .         Rampage  .   b - +0 pair of gloves
Will     +....                  M - +2 pair of boots
Stlth    ..........             v - amulet "Sarevvux" {rElec Regen+ Str+4}
HPRegen  0.66/turn              V - +6 ring of strength
MPRegen  0.19/turn              o - +4 ring of slaying

@: heroism, finesse, flying, hasted and slowed
A: big wings, negative energy resistance 1, electricity resistance, unbreathing,
petrification resistance, miasma immunity, AC +12
a: Stop Flying, Renounce Religion, Heroism, Finesse


You were on level 1 of the Depths.
You worshipped Okawaru.
Okawaru was extremely pleased with you.
You visited 4 branches of the dungeon, and saw 24 of its levels.
You also visited: Sewer and Ice Cave.

You collected 3269 gold pieces.
You spent 96 gold pieces at shops.

Inventory:

Hand Weapons
 J - a +5 double sword of electrocution (weapon)
 W - a +2 scimitar of flaming
Armour
 b - a +0 pair of gloves (worn)
 d - a +0 kite shield of protection (worn)
 m - a +2 hat of intelligence (worn)
 n - a +1 cloak (worn)
 M - a +2 pair of boots (worn)
 U - a +2 plate armour of fire resistance (worn)
Jewellery
 c - an uncursed ring of poison resistance {unknown}
 h - an uncursed ring of protection from fire
 i - an uncursed ring of willpower
 o - a +4 ring of slaying (right hand)
 v - the amulet "Sarevvux" (around neck) {rElec Regen+ Str+4}
   (You found it on level 5 of the Dungeon)

   [amulet of regeneration]

   It affects your strength (+4).
   It insulates you from electricity.
   It increases your rate of regeneration.
 C - an uncursed ring of protection from fire
 V - a +6 ring of strength (left hand)
 X - an uncursed ring of protection from cold
Wands
 a - a wand of digging (12)
 E - a wand of disintegration (32)
 I - a wand of acid (18)
Scrolls
 e - 11 scrolls of remove curse
 f - a scroll of summoning {unknown}
 q - 17 scrolls of teleportation
 r - 5 scrolls of enchant armour
 s - 5 scrolls of fear
 A - 2 scrolls of fog
 G - 5 scrolls of magic mapping
 K - 5 scrolls of blinking
 L - 5 scrolls of identify
 S - 4 scrolls of enchant weapon
Potions
 g - a potion of resistance
 j - 2 potions of mutation
 l - 4 potions of cancellation
 t - 6 potions of curing
 u - 2 potions of might
 x - 2 potions of attraction
 z - 2 potions of invisibility
 B - 5 potions of berserk rage
 N - 2 potions of lignification
 P - a potion of haste
 T - 3 potions of ambrosia
Miscellaneous
 H - a tin of tremorstones (2/2)
 O - a condenser vane


   Skills:
 + Level 11.4(16.4) Fighting
 * Level 13.0(18.0) Long Blades
 * Level 15.4(20.4) Armour
 * Level 15.3(20.3) Shields
 + Level 10.9 Invocations
 + Level 7.5 Evocations


You had 15 spell levels left.
You didn't know any spells.
Your spell library contained the following spells:

 Spells                   Type           Power        Failure   Level
 Animate Skeleton         Necr           0%           71%         1
 Apportation              Tloc           0%           71%         1
 Beastly Appendage        Tmut           0%           71%         1
 Corona                   Hex            0%           71%         1
 Magic Dart               Conj           0%           71%         1
 Summon Small Mammal      Summ           0%           71%         1
 Call Imp                 Summ           0%           83%         2
 Ensorcelled Hibernation  Hex/Ice        0%           83%         2
 Searing Ray              Conj           0%           83%         2
 Wereblood                Tmut           0%           83%         2
 Call Canine Familiar     Summ           0%           97%         3
 Confusing Touch          Hex            0%           97%         3
 Dazzling Flash           Conj/Hex       0%           97%         3
 Ignite Poison            Fire/Tmut/Pois 0%           97%         3
 Spider Form              Tmut/Pois      0%           97%         3
 Summon Guardian Golem    Hex/Summ       0%           97%         3
 Tukima's Dance           Hex            0%           97%         3
 Fulminant Prism          Conj/Hex       0%           100%        4
 Ice Form                 Ice/Tmut       0%           100%        4
 Iskenderun's Mystic Bla  Conj/Tloc      0%           100%        4
 Petrify                  Tmut/Erth      0%           100%        4
 Summon Ice Beast         Ice/Summ       0%           100%        4
 Summon Lightning Spire   Summ/Air       0%           100%        4
 Alistair's Intoxication  Tmut/Pois      0%           100%        5
 Blade Hands              Tmut           0%           100%        5
 Irradiate                Conj/Tmut      0%           100%        5
 Eringya's Noxious Bog    Tmut/Pois      0%           100%        6
 Sublimation of Blood     Necr           Unusable     N/A         2

Dungeon Overview and Level Annotations

Branches:
Dungeon (15/15)            Temple (0/1) D:6            Lair (6/6) D:8
 Shoals (0/4) Lair:3       Spider (0/4) Lair:3        Slime (0/5) Lair:5
    Orc (2/2) D:12            Elf (0/3) Orc:2        Vaults (0/5) D:14
 Depths (1/5) D:15          Sewer (visited)           IceCv (visited)

Altars:
Cheibriados
Fedhas
Gozag
Kikubaaqudgha
Makhleb
Okawaru
Qazlal
Ru
Trog
Yredelemnul
Zin

Shops:
D:6 *   D:10 *!!}   Orc:2 (([:


Innate Abilities, Weirdness & Mutations

You are resistant to torment.
Your stone body is resilient. (AC +12)
You are immune to poison.
Your large and strong wings let you fly indefinitely.
You resist negative energy. (rN+)
You are resistant to electric shocks. (rElec)
You can survive without breathing.
You are immune to petrification.
You are immune to miasma.


Message History

The bolt of fire hits you. You resist.
* * * LOW HITPOINT WARNING * * *
The necromancer closely misses you.
You bump into the rock wall.
The necromancer hits you with a +0 dagger.
* * * LOW HITPOINT WARNING * * *
You're too confused to move!
You feel less confused. You block the necromancer's attack.
You slash the necromancer!
The necromancer is moderately wounded.
You slice the necromancer!!
Lightning courses through the necromancer!
You kill the necromancer!
Okawaru accepts your kill.
The sphinx simulacrum closely misses you.
The sphinx simulacrum hits you.
* * * LOW HITPOINT WARNING * * *
The sphinx simulacrum freezes you!!!
You die...

.........
#.......#
.........
#.......#
....>....
#.......##
.......Z.# #. #@#
#.##.#######.
#............
#########'########
#........^.#
#..........#
#..........###
#..........'.#
#..........###


You could see a sphinx simulacrum.

Vanquished Creatures
  Rupert (Orc:2)
  A sphinx (Depths:1)
  Kirke (Lair:6)
  Louise (D:14)
  A reaper (IceCv)
  Nessos (Lair:5)
  2 fire dragons
  A yaktaur captain (D:15)
  Harold (Lair:1)
  7 hydras
  A vault guard (D:14)
  3 catoblepae
  2 boulder beetles
  7 two-headed ogres
  4 centaur warriors
  A tengu warrior (D:15)
  8 death yaks
  Urug (D:11)
  6 orc high priests
  2 unseen horrors (D:11)
  2 wizards
  A necromancer (Depths:1)
  A wolf spider (D:15)
  A lindwurm (Lair:6)
  3 deep elf magi
  9 orc knights
  An orb spider (Lair:3)
  10 ugly things
  3 cyclopes
  2 manticores (Lair:6)
  3 orc sorcerers
  5 black mambas
  2 centaur zombies
  13 elephants
  Psyche (D:11)
  13 cane toads
  2 gargoyles (D:11)
  3 torpor snails
  2 ice statues (IceCv)
  2 yaktaurs (D:15)
  16 rime drakes
  Maggie (D:8)
  A kobold demonologist (D:13)
  9 komodo dragons
  A redback zombie (D:15)
  An efreet (D:14)
  6 ice devils (IceCv)
  A tengu conjurer (D:15)
  7 trolls
  A queen bee (Lair:2)
  2 polar bears
  8 dream sheep
  13 blink frogs
  4 shadows
  2 water elementals (D:12)
  6 wraiths
  A vampire (D:10)
  7 wyverns
  50 yaks
  8 basilisks
  2 hogs (Lair:6)
  4 vampire mosquitoes (D:14)
  11 steam dragons
  Edmund (D:6)
  4 wargs
  An acid dragon (D:13)
  19 water moccasins
  14 ice beasts
  14 orc warriors
  4 sky beasts
  3 black bears
  An eye of draining (D:15)
  3 necrophages (D:7)
  4 phantoms
  12 wolves
  2 ogres
  21 centaurs
  6 big kobolds
  21 bullfrogs
  3 wyvern skeletons
  6 scorpions
  2 troll zombies (D:12)
  32 killer bees
  A howler monkey (D:10)
  27 wights
  3 electric eels
  3 bullfrog zombies
  10 centaur skeletons
  4 jellies
  5 bullfrog skeletons
  3 gnoll shamans
  23 orc priests
  5 hounds
  18 orc wizards
  Jessica (D:3)
  3 iguanas
  6 worker ants
  7 hell rats (Lair:2)
  A killer bee zombie (D:7)
  6 ogre zombies (D:12)
  2 hound zombies
  A hound skeleton (D:5)
  A mummy (D:6)
  A howler monkey zombie (D:7)
  28 gnolls
  12 adders
  A river rat (Sewer)
  A shadow imp (D:5)
  10 white imps
  6 ufetubi (IceCv)
  2 oozes
  An adder skeleton (D:8)
  5 worms
  4 dart slugs
  10 leopard geckos
  65 orcs
  5 giant cockroaches
  10 goblins
  10 hobgoblins
  13 jackals
  13 kobolds
  5 quokkas
  2 ball pythons (Sewer)
  3 bats
  7 frilled lizards
  2 goblin skeletons (D:12)
  2 goblin zombies (D:12)
  3 hobgoblin skeletons (D:12)
  A hobgoblin zombie (D:12)
  3 orc skeletons (D:12)
  14 orc zombies (D:12)
  A quokka zombie (D:6)
  5 rats
  A bush (D:7)
842 creatures vanquished.

Vanquished Creatures (others)
  A yak (Lair:6)
  3 humans
  A white imp (IceCv)
  6 ufetubi (IceCv)
  21 fungi
  36 plants
68 creatures vanquished.

Grand Total: 910 creatures vanquished

Notes
Turn   | Place    | Note
-------+----------+-------------------------------------------
     0 | D:1      | timneilson the Gargoyle Fighter began the quest for the
                  | Orb.
     0 | D:1      | Reached XP level 1. HP: 14/14 MP: 1/1
   227 | D:1      | Reached XP level 2. HP: 19/19 MP: 2/2
   705 | D:1      | Reached XP level 3. HP: 23/23 MP: 3/3
  1462 | D:2      | Reached XP level 4. HP: 28/28 MP: 4/4
  1901 | D:3      | Found an iron altar of Okawaru.
  1910 | D:3      | Became a worshipper of Warmaster Okawaru
  1922 | D:3      | Found a glowing silver altar of Zin.
  1925 | D:3      | Found a basalt altar of Yredelemnul.
  1945 | D:3      | Found a faded altar of an unknown god.
  2160 | D:3      | Noticed Jessica
  2165 | D:3      | Killed Jessica
  2166 | D:3      | Reached XP level 5. HP: 27/33 MP: 5/5
  2533 | D:3      | Found a stormy altar of Qazlal.
  2537 | D:3      | Found a sacrificial altar of Ru.
  2972 | D:4      | Reached skill level 1 in Invocations
  3120 | D:4      | Reached XP level 6. HP: 37/38 MP: 6/6
  3176 | D:4      | Found an opulent altar of Gozag.
  3871 | D:5      | Entered Level 5 of the Dungeon
  3918 | D:5      | Noticed a phantom
  3922 | D:5      | Reached skill level 5 in Armour
  3940 | D:5      | Killed a phantom
  3941 | D:5      | Reached skill level 5 in Shields
  3941 | D:5      | Reached XP level 7. HP: 40/43 MP: 8/8
  3952 | D:5      | Reached * piety under Okawaru
  4228 | D:5      | Found a glowing drain.
  4238 | Sewer    | Entered a sewer
  4344 | Sewer    | Reached ** piety under Okawaru
  4345 | Sewer    | Reached XP level 8. HP: 48/48 MP: 8/10
  4646 | D:5      | Got a warped ivory amulet
  4925 | D:6      | Reached skill level 5 in Fighting
  4943 | D:6      | Reached skill level 5 in Long Blades
  5159 | D:6      | Found a staircase to the Ecumenical Temple.
  5226 | D:6      | Noticed Edmund
  5243 | D:6      | Killed Edmund
  5246 | D:6      | Reached XP level 9. HP: 51/54 MP: 11/11
  5371 | D:6      | Reached *** piety under Okawaru
  5634 | D:6      | Found Kouviong's Assorted Antiques.
  5817 | D:6      | Found a snail-covered altar of Cheibriados.
  6246 | D:7      | Reached **** piety under Okawaru
  6556 | D:7      | Identified the amulet "Sarevvux" {rElec Regen+ Str+4} (You
                  | found it on level 5 of the Dungeon)
  6992 | D:7      | Found a blossoming altar of Fedhas.
  7099 | D:7      | Reached XP level 10. HP: 60/60 MP: 13/13
  7186 | D:8      | Reached skill level 5 in Invocations
  7298 | D:8      | Found a staircase to the Lair.
  7314 | D:8      | Noticed Maggie
  7315 | D:8      | Noticed a two-headed ogre
  7329 | D:8      | Killed a two-headed ogre
  7329 | D:8      | Reached ***** piety under Okawaru
  7338 | D:8      | Killed Maggie
  7907 | D:9      | Noticed a two-headed ogre
  7917 | D:9      | Killed a two-headed ogre
  7917 | D:9      | Received a gift from Okawaru
  8014 | D:9      | Found an ancient bone altar of Kikubaaqudgha.
  8351 | D:9      | Reached XP level 11. HP: 67/67 MP: 15/15
  8592 | D:9      | Reached skill level 10 in Armour
  8731 | D:10     | Entered Level 10 of the Dungeon
  8765 | D:10     | Reached skill level 10 in Shields
  8930 | D:10     | Found Zeqizig's Assorted Antiques.
  8940 | D:10     | Found Secw's Distillery.
  8947 | D:10     | Found Onyn's Distillery.
  9034 | D:10     | Bought a scroll of identify for 48 gold pieces
  9034 | D:10     | Bought a scroll of identify for 48 gold pieces
  9098 | D:10     | Found Kaefedd's Gadget Boutique.
  9335 | D:11     | Noticed a two-headed ogre
  9347 | D:11     | Killed a two-headed ogre
  9347 | D:11     | Received a gift from Okawaru
  9348 | D:11     | Reached skill level 1 in Evocations
  9444 | D:11     | Killed an unseen horror
  9456 | D:11     | Killed an unseen horror
  9501 | D:11     | Noticed Urug
  9527 | D:11     | Killed Urug
  9603 | D:11     | Noticed Psyche
  9611 | D:11     | Killed Psyche
  9612 | D:11     | Reached XP level 12. HP: 61/73 MP: 9/17
  9674 | D:11     | Noticed a boulder beetle
  9683 | D:11     | Killed a boulder beetle
  9683 | D:11     | Received a gift from Okawaru
  9686 | D:11     | Got a warped scimitar {god gift}
 10009 | D:11     | Identified the +5 scimitar of Hatred {elec, rPois Will+
                  | Str+2 Int-3} (Okawaru gifted it to you on level 11 of the
                  | Dungeon)
 10040 | D:12     | Noticed a two-headed ogre
 10045 | D:12     | Killed a two-headed ogre
 10115 | D:12     | Noticed a two-headed ogre
 10120 | D:12     | Killed a two-headed ogre
 10238 | D:11     | Found an iron altar of Okawaru.
 10255 | D:12     | Found a staircase to the Orcish Mines.
 10353 | D:12     | Noticed a two-headed ogre
 10360 | D:12     | Killed a two-headed ogre
 10360 | D:12     | Received a gift from Okawaru
 10387 | D:12     | Noticed a two-headed ogre
 10392 | D:12     | Killed a two-headed ogre
 10500 | D:12     | Noticed a six-headed hydra
 10509 | D:12     | Killed a one-headed hydra
 11186 | D:14     | Reached skill level 10 in Long Blades
 11193 | D:14     | Reached XP level 13. HP: 79/80 MP: 18/18
 11229 | D:14     | Found an iron altar of Okawaru.
 11249 | D:14     | Received a gift from Okawaru
 11343 | D:14     | Noticed Louise
 11367 | D:14     | Killed Louise
 11879 | D:14     | Noticed a vault guard
 11882 | D:14     | Killed a vault guard
 11887 | D:14     | Found a gate to the Vaults.
 12111 | Lair:1   | Entered Level 1 of the Lair of Beasts
 12138 | Lair:1   | Found a frozen archway.
 12162 | IceCv    | Entered an ice cave
 12414 | IceCv    | Noticed a reaper
 12421 | IceCv    | Killed a reaper
 12421 | IceCv    | Received a gift from Okawaru
 12422 | IceCv    | Found the +3 robe of Clouds {+Thunder rCloud rElec}
 12554 | Lair:1   | Noticed Harold
 12569 | Lair:1   | Killed Harold
 12866 | Lair:1   | Found a blossoming altar of Fedhas.
 13556 | Lair:2   | Gained mutation: Your large and strong wings let you fly
                  | indefinitely. [Gargoyle growth]
 13556 | Lair:2   | Reached XP level 14. HP: 86/86 MP: 20/20
 13632 | Lair:2   | Reached ****** piety under Okawaru
 13633 | Lair:2   | Reached skill level 5 in Evocations
 14467 | Lair:3   | Received a gift from Okawaru
 14549 | Lair:3   | Reached skill level 10 in Fighting
 14608 | Lair:3   | Found a hole to the Spider Nest.
 14925 | Lair:3   | Received a gift from Okawaru
 15026 | Lair:3   | Found a staircase to the Shoals.
 16111 | Lair:5   | Found a burning altar of Makhleb.
 16147 | Lair:5   | Reached XP level 15. HP: 91/92 MP: 22/22
 16418 | Lair:5   | Found a staircase to the Slime Pits.
 16760 | Lair:5   | Noticed Nessos
 16773 | Lair:5   | Killed Nessos
 16919 | Lair:6   | Entered Level 6 of the Lair of Beasts
 17067 | Lair:6   | Received a gift from Okawaru
 17160 | Lair:6   | Reached skill level 10 in Invocations
 17419 | Lair:6   | Noticed Kirke
 17441 | Lair:6   | Killed Kirke
 18293 | Orc:1    | Entered Level 1 of the Orcish Mines
 18398 | Orc:2    | Entered Level 2 of the Orcish Mines
 18398 | Orc:2    | Noticed Rupert
 18410 | Orc:2    | Killed Rupert
 18453 | Orc:2    | Found a bloodstained altar of Trog.
 18482 | Orc:2    | Found a staircase to the Elven Halls.
 18746 | Orc:2    | Received a gift from Okawaru
 18766 | Orc:2    | Reached XP level 16. HP: 44/100 MP: 18/23
 19050 | Orc:2    | Found Xuru's Book Shop.
 19050 | Orc:2    | Found Hyscheanau's Armour Shop.
 19051 | Orc:2    | Found Edupeti's Weapon Boutique.
 19054 | Orc:2    | Found Pidong's Antique Weapon Boutique.
 19355 | Orc:2    | Reached skill level 15 in Armour
 19381 | Orc:2    | Reached skill level 15 in Shields
 19415 | Orc:1    | Received a gift from Okawaru
 19829 | D:15     | Entered Level 15 of the Dungeon
 20358 | D:15     | Found a staircase to the Depths.
 20392 | Depths:1 | Entered Level 1 of the Depths
 20428 | Depths:1 | Noticed a sphinx
 20441 | Depths:1 | Killed a sphinx
 20451 | Depths:1 | Annihilated by a sphinx simulacrum

Illustrated notes

Levels and vault maps discovered:
D:1:      giann_wishing_wells, layout_basic, dk_noncrumbling_2
D:2:      layout_loops_corners
D:3:      layout_loops_corners, minmay_overflow_temple_star_hex,
          chequers_ecumenical_altar_simple_redux, st_stairs_12, minivault_14,
          serial_bayou_pond_e, uniq_jessica
D:4:      layout_layer_cave, lemuel_altar_in_water
D:5:      layout_cave_pools, gup_sewer_entry_spiral
D:6:      layout_loops_ring, slow_altar_2, minmay_temple_entry_offerings,
          serial_shops, shop_statue, uniq_edmund
D:7:      layout_loops_cross, serial_co_window_serial, co_window_paths_a,
          co_window_of_opportunity_a, co_window_paths_b, co_window_paths_a,
          co_window_corner_a, co_window_corner_ca, co_window_of_opportunity_c,
          co_window_paths_c, co_window_corner_b, co_window_of_opportunity_b,
          co_window_sun, co_window_paths_e, glass_columns_c,
          fedhas_altar_decomposition
D:8:      layout_basic, dpeg_oklobed_lair, uniq_maggie
D:9:      layout_irregular_city, serial_column_ruins, column_ruins_hut_ruined,
          column_ruins_hut, column_ruins_open_small,
          column_ruins_columns_straight, column_ruins_corridor_corner,
          column_ruins_open_tiny, column_ruins_open_small,
          minmay_misc_feat_diagonals, tgw_kikubaaqudgha
D:10:     layout_rooms, serial_shops, shop,
          nicolae_shop_temple_entry_statues_fountains, nicolae_shop_waterfront,
          shop, minmay_misc_feat_ornament, minivault_11, nrook_mini_vaults
D:11:     lemuel_upstairs_altar, layout_rooms, hangedman_decor_lopped,
          uniq_urug, uniq_psyche
D:12:     layout_roguey, zombieorc2_lemuel, serial_bayou_ford_a
D:13:     layout_loops_ring, grunt_decor_resistance
D:14:     layout_loops_ring, david_vaults_5, hangedman_decor_push,
          okawaru_ov_weapons_minmay, uniq_louise
D:15:     grunt_enter_depths_snipers, layout_rooms, columned_hall_lemuel
Lair:1:   layout_layer_cave, basic_altar, portal_ice_cave_entry_ice_beasts,
          beast_lair_carwin_3, uniq_harold
Lair:2:   regret_index_bee_streams, layout_cave_shapes,
          infiniplex_staircase_pool
Lair:3:   layout_regular_city, minmay_shoals_entry_centaurs,
          nicolae_spider_entry_orb_guardian
Lair:4:   layout_gridlike, infiniplex_staircase_pool_2
Lair:5:   layout_cave_pods, slime_dummy, basic_altar, serial_bayou_shore_a,
          grunt_megastairs_4, uniq_nessos
Lair:6:   hangedman_lair_in_review, layout_cave_pods, small_statue_intersection,
          grunt_forest_stairs_basic, bobbens_dragon_lair_wall, uniq_kirke
Orc:1:    layout_caves, guppyfry_orc_lava_fort
Orc:2:    st_orc_mages, layout_caves, basic_altar, uniq_rupert
Depths:1: layout_gridlike, hell_entry, grunt_pan_entry_spiral, st_stairs_4,
          nicolae_rare_books, minmay_shop_grid_forest, dk_noncrumbling_3,
          drop_trap, minmay_orc_keep, grunt_megastairs_3

Skill      XL: |  1  2  3  4  5  6  7  8  9 10 11 12 13 14 15 16 |
---------------+-------------------------------------------------+-----
Long Blades    | 2 3 4 5 6 7 9 10 11 12 13 | 13.0
Armour         | 4 5 6 7 8 9 10 11 12 13 14 15 | 15.4
Shields        | 4 5 6 8 9 10 11 12 13 14 15 | 15.3
Invocations    | 1 2 3 4 5 6 7 8 9 10 | 10.9
Fighting       | 4 5 6 7 8 9 10 11 | 11.4
Evocations     | 2 3 4 6 7 |  7.5

Action                   |  1- 3 |  4- 6 |  7- 9 | 10-12 | 13-15 | 16-18 || total
-------------------------+-------+-------+-------+-------+-------+-------++-------
Melee: Long sword        |   114 |   130 |   470 |    43 |       |       ||   757
       Scimitar          |       |       |       |   387 |    25 |     7 ||   419
       Double sword      |       |       |       |   193 |  1073 |   249 ||  1515
Invok: Heroism           |       |       |     1 |    18 |    15 |     7 ||    41
       Finesse           |       |       |       |     3 |     4 |     2 ||     9
 Abil: Fly               |       |       |       |       |     1 |       ||     1
  Use: Scroll            |     6 |     6 |     4 |    14 |     8 |     2 ||    40
       Potion            |       |       |     4 |       |     1 |     1 ||     6
 Stab: Petrified         |       |       |       |       |     6 |     2 ||     8
       Distracted        |       |       |       |       |       |     1 ||     1
Armor: Scale mail        |    52 |     3 |       |       |       |       ||    55
       Chain mail        |       |    75 |   242 |    90 |       |       ||   407
       Plate armour      |       |       |       |   231 |   638 |   147 ||  1016
Dodge: Dodged            |    33 |    30 |    97 |   165 |   341 |   101 ||   767
Block: Kite shield       |    54 |    70 |   258 |   371 |   840 |   239 ||  1832
       Rpst.: Long sword |     7 |    10 |    36 |     1 |       |       ||    54
       Scimitar          |       |       |       |    25 |     2 |       ||    27
       Double sword      |       |       |       |    18 |    92 |    26 ||   136

Table legend: (Time is in decaauts)
 A = Elapsed time spent in this place.
 B = Non-inter-level travel time spent in this place.
 C = Inter-level travel time spent in this place.
 D = Time resting spent in this place.
 E = Time spent auto-exploring this place.
 F = Levels seen in this place.
 G = Mean time per level.
                   A        B        C        D        E       F      G
               +--------+--------+--------+--------+--------+-----+--------+
         Total |  20411 |  19569 |    842 |    277 |  13734 |  26 |  785.0 |
       Dungeon |  12596 |  12008 |    588 |      0 |   8620 |  15 |  839.7 |
          Lair |   5586 |   5396 |    190 |      0 |   4237 |   6 |  931.0 |
  Orcish Mines |   1420 |   1358 |     62 |    231 |    665 |   2 |  710.0 |
        Depths |     57 |     57 |      0 |      0 |     19 |   1 |   57.0 |
         Sewer |    378 |    378 |      0 |      0 |    149 |   1 |  378.0 |
      Ice Cave |    371 |    371 |      0 |     46 |     44 |   1 |  371.0 |
               +--------+--------+--------+--------+--------+-----+--------+

Top non-repeatable levels by time:
     D:7: 1169 daAuts
     D:6: 1145 daAuts
  Lair:6: 1120 daAuts
     D:4: 1073 daAuts
  Lair:1: 1064 daAuts
     D:1: 1057 daAuts
  Lair:5: 1043 daAuts
     D:3: 962 daAuts
    D:14: 910 daAuts
  Lair:3: 878 daAuts
     D:2: 851 daAuts
     D:9: 842 daAuts
  Lair:2: 827 daAuts
     D:8: 796 daAuts
   Orc:2: 766 daAuts
